[Event "ICC tourney 2029 (45 10)"]
[Site "Internet Chess Club"]
[Date "2020.10.03"]
[Round "4"]
[White "mnm2"]
[Black "aauman"]
[Result "1-0"]
[ICCResult "Black resigns"]
[WhiteElo "1319"]
[BlackElo "1523"]
[Opening "Caro-Kann: advance variation"]
[ECO "B12"]
[NIC "CK.02"]
[Time "18:32:46"]
[TimeControl "2700+10"]

1. e4 c6 2. d4 d5 3. e5 c5 4. c3 Nc6 5. Nf3 Bg4 6. Be3 cxd4 7. cxd4 Qb6 8.
Nbd2 e6 9. a3 Nge7 10. b4 Nf5 11. Qa4 Nxe3 12. fxe3 Be7 13. Bd3 O-O 14. O-O
Rfc8 15. Rac1 a6 16. h3 Bh5 17. Rc3 Qd8 18. Qc2 Bg6 19. Bxg6 hxg6 20. Ne1
Qb6 21. Nd3 a5 22. Rb1 Na7 23. bxa5 Rxc3 24. Qxc3 Qc6 25. Qxc6 Nxc6 26. Rxb7
Bxa3 27. Rc7 Nxa5 28. Nc5 Bc1 29. Nce4 Ba3 30. Nc5 Bc1 31. Nce4 Nb3 32. Nxb3
Bxe3+ 33. Nf2 Ra2 34. Rc8+ Kh7 35. Rc3 Bxf2+ 36. Kf1 Bh4 37. Rf3 f5 38. Nc5
Ra1+ 39. Ke2 Re1+ 40. Kd2 Rg1 41. Nxe6 Rxg2+ 42. Kc3 Be7 43. Kb3 Rg1 44. Ka4
Ra1+ 45. Kb5 Rb1+ 46. Kc6 Ra1 47. Kxd5 Ra5+ 48. Kc6 Ra6+ 49. Kd7 Ra7+ 50.
Ke8 Ba3 51. Nf8+ Kg8 52. Nxg6 Ra8+ 53. Kd7 Kf7 54. Nh4 Ra7+ 55. Kc6 Ke6 56.
Rxf5 Ra6+ 57. Kb5 Ra8 58. Kc4 Rc8+ 59. Kd3 Be7 60. Ng6 Rc7 61. Nxe7 Rxe7 62.
Ke4 Rd7 63. Rf1 Ra7 64. d5+ Ke7 65. Rf3 Ra4+ 66. Kf5 Rh4 67. d6+ Kd7 68. Rd3
Rh6 69. Rg3 g6+ 70. Rxg6 Rxh3 71. Rg7+ Ke8 72. d7+ Kd8 73. e6 Rf3+ 74. Ke4
Rf6 75. Rg8+ {Black resigns} 1-0

[Event "ICC tourney 2029 (45 10)"]
[Site "Internet Chess Club"]
[Date "2020.10.03"]
[Round "4"]
[White "nnrs"]
[Black "guineapig25"]
[Result "0-1"]
[ICCResult "White checkmated"]
[WhiteElo "1685"]
[BlackElo "2012"]
[Opening "King's Indian: Averbakh system"]
[ECO "E73"]
[NIC "KI.26"]
[Time "18:32:22"]
[TimeControl "2700+10"]

1. d4 Nf6 2. c4 g6 3. Nc3 Bg7 4. e4 d6 5. Be2 O-O 6. Bg5 Nbd7 7. Qd2 e5 8.
d5 a5 9. f3 Nc5 10. h4 Qd7 11. g4 c6 12. Rd1 Ne8 13. Nh3 f5 14. gxf5 gxf5
15. Nf2 Kh8 16. Nd3 Nxd3+ 17. Bxd3 Qf7 18. exf5 Bxf5 19. Bxf5 Qxf5 20. O-O
Bf6 21. Kh2 Rg8 22. Ne4 Bxg5 23. Nxg5 cxd5 24. Qxd5 Qf4+ 25. Kh3 Qf5+ 26.
Kh2 Rg7 27. f4 Qg4 28. Nf7+ Rxf7 29. Qxf7 Qxh4+ 30. Kg2 Nf6 31. Rf3 Rg8+ 32.
Kf1 Ne4 33. Ke2 Ng3+ 34. Kd3 e4+ 35. Kc3 exf3 36. Rxd6 Ne4+ 37. Kd4 Nxd6 38.
Qe6 Qxf4+ 39. Kc3 f2 40. c5 Nb5+ 41. Kd3 Qd4+ 42. Kc2 f1=Q 43. Qe5+ Qxe5 44.
c6 Rg2+ 45. Kb3 Qxb2+ 46. Ka4 Qb4# {White checkmated} 0-1

[Event "ICC tourney 2029 (45 10)"]
[Site "Internet Chess Club"]
[Date "2020.10.03"]
[Round "4"]
[White "xyzchessdude"]
[Black "VincentT2008"]
[Result "1/2-1/2"]
[ICCResult "Game drawn by mutual agreement"]
[WhiteElo "2030"]
[BlackElo "1814"]
[Opening "King's Indian: fianchetto, Panno variation"]
[ECO "E63"]
[NIC "KI.71"]
[Time "18:32:28"]
[TimeControl "2700+10"]

1. Nf3 Nf6 2. c4 g6 3. g3 Bg7 4. Bg2 d6 5. d4 O-O 6. O-O Nc6 7. Nc3 a6 8. b3
Rb8 9. Bg5 h6 10. Bd2 e6 11. Rc1 Bd7 12. e4 b5 13. e5 dxe5 14. d5 exd5 15.
cxd5 Ne7 16. Nxe5 b4 17. Ne2 Nfxd5 18. Nxd7 Qxd7 19. Nf4 Rfd8 20. Qc2 Nc3
21. Bxc3 Bxc3 22. Rfd1 Qf5 23. Be4 Qf6 24. Nd5 Nxd5 25. Bxd5 Rd6 26. Rd3 Qe5
27. Rcd1 Rbd8 28. Bc4 Bd4 29. Kg2 Qe4+ 30. f3 Qe5 31. R3d2 Rf6 32. Qe4 Qxe4
33. fxe4 c5 34. Rf1 Rxf1 35. Kxf1 a5 36. Rd3 Kg7 37. Kg2 f6 38. g4 Ra8 39.
Bb5 Ra7 40. Kf3 h5 41. gxh5 gxh5 42. Rd2 Re7 {Game drawn by mutual
agreement} 1/2-1/2

[Event "ICC tourney 2029 (45 10)"]
[Site "Internet Chess Club"]
[Date "2020.10.03"]
[Round "4"]
[White "soggydollar"]
[Black "Slivovitz"]
[Result "1/2-1/2"]
[ICCResult "Game drawn by mutual agreement"]
[WhiteElo "1804"]
[BlackElo "2092"]
[Opening "Caro-Kann: advance variation"]
[ECO "B12"]
[NIC "CK.02"]
[Time "18:32:29"]
[TimeControl "2700+10"]

1. e4 c6 2. d4 d5 3. e5 Na6 4. Bxa6 Qa5+ 5. Bd2 Qxa6 6. Nc3 Qb6 7. Nge2 Bf5
8. Na4 Qc7 9. O-O e6 10. h3 h5 11. f4 Ne7 12. Bb4 Bg6 13. Rf3 Be4 14. Rb3
Nf5 15. Bxf8 Kxf8 16. Nc5 b6 17. Nxe4 dxe4 18. Ng3 Qd7 19. Nxf5 exf5 20. c3
g6 21. Qe1 Kg7 22. Rd1 Qe6 23. Qe2 b5 24. c4 bxc4 25. Rc3 Rab8 26. Rdc1 Rb4
27. Rxc4 Rhb8 28. b3 Qd5 29. Qd2 R4b6 30. Rc5 Qd7 31. Qc3 Kg8 32. Kf2 Ra6
33. Rc2 Qd8 34. g3 h4 35. Qc4 Rab6 36. e6 Rb4 37. exf7+ Kf8 38. Qc3 Rxd4 39.
Rxc6 Kxf7 40. Rc7+ Kg8 41. Rc8 Rxc8 42. Qxc8 hxg3+ 43. Kxg3 Rd3+ 44. Kg2
Rd2+ 45. Kg3 Rd3+ 46. Kg2 Rd2+ 47. Kg3 {Game drawn by mutual agreement}
1/2-1/2

[Event "ICC tourney 2029 (45 10)"]
[Site "Internet Chess Club"]
[Date "2020.10.03"]
[Round "4"]
[White "tcao"]
[Black "corviknight"]
[Result "1-0"]
[ICCResult "Black checkmated"]
[WhiteElo "2063"]
[BlackElo "1782"]
[Opening "Giuoco Piano"]
[ECO "C50"]
[NIC "IG.02"]
[Time "18:32:28"]
[TimeControl "2700+10"]

1. e4 e5 2. Nf3 Nc6 3. Bc4 Bc5 4. O-O Nf6 5. d3 d6 6. c3 O-O 7. b4 Bb6 8. h3
h6 9. Re1 Be6 10. Nbd2 a6 11. a4 Kh7 12. Bxe6 fxe6 13. Nc4 Ba7 14. d4 b5 15.
axb5 axb5 16. Na5 Qd7 17. Be3 exd4 18. cxd4 Nxa5 19. bxa5 d5 20. e5 Ne4 21.
Qc2 Kg8 22. Nd2 Nxd2 23. Qxd2 Rac8 24. Rec1 c6 25. a6 Qe7 26. Qd3 Bb6 27.
Rc2 Qe8 28. Rac1 Rf7 29. Qg6 Ba7 30. Rd2 Kh8 31. Rdc2 Kg8 32. g4 Rcc7 33. f4
Qc8 34. f5 exf5 35. Rxc6 f4 36. Qxf7+ Kxf7 37. Rxc7+ Qxc7 38. Rxc7+ Ke6 39.
Rxa7 fxe3 40. Kf1 e2+ 41. Kxe2 g5 42. Rh7 h5 43. a7 hxg4 44. hxg4 b4 45.
a8=Q b3 46. Qc6# {Black checkmated} 1-0

[Event "ICC tourney 2029 (45 10)"]
[Site "Internet Chess Club"]
[Date "2020.10.03"]
[Round "4"]
[White "orwind"]
[Black "goodcrowdchess"]
[Result "0-1"]
[ICCResult "White resigns"]
[WhiteElo "1484"]
[BlackElo "1656"]
[Opening "Ruy Lopez: exchange variation, 5.O-O"]
[ECO "C68"]
[NIC "RL.08"]
[Time "18:32:33"]
[TimeControl "2700+10"]

1. e4 e5 2. Nf3 Nc6 3. Bb5 a6 4. Bxc6 dxc6 5. O-O Bd6 6. d4 exd4 7. Qxd4 f6
8. Nbd2 Ne7 9. Nc4 Bb4 10. Qxd8+ Kxd8 11. c3 Bc5 12. Rd1+ Ke8 13. h3 Be6 14.
Ne3 Ng6 15. Nd4 Kf7 16. Nxe6 Kxe6 17. Nf5 Rad8 18. Be3 Bxe3 19. Nxe3 Ne5 20.
b3 g6 21. Kf1 Nf7 22. Ke2 Nd6 23. f3 Rhe8 24. Kf2 Rd7 25. Nc2 Red8 26. Nd4+
Kf7 27. Ne2 Nxe4+ 28. Ke1 Nc5 29. Rxd7+ Rxd7 30. Rd1 Re7 31. Kf2 Ke8 32. Rd4
Nd7 33. Ng3 f5 34. Rb4 b5 35. Rd4 Kd8 36. c4 c5 37. Rd3 c6 38. Ne2 Kc7 39.
Nc3 Ne5 40. Re3 bxc4 41. bxc4 Kd6 42. Na4 Rb7 43. f4 Nxc4 44. Rd3+ Kc7 45.
Nxc5 Rb2+ 46. Kf3 Rxa2 47. Ne6+ Kb6 48. Nf8 Nd2+ 49. Ke3 Ne4 50. Kf3 Rf2+
51. Ke3 Rxg2 52. Nxh7 a5 53. Nf8 a4 54. Kd4 Kb5 55. Ra3 Kb4 56. Ra1 a3 57.
Ne6 Kb3 {White resigns} 0-1

[Event "ICC tourney 2029 (45 10)"]
[Site "Internet Chess Club"]
[Date "2020.10.03"]
[Round "4"]
[White "bonnelleo1"]
[Black "joeandjoe56"]
[Result "1-0"]
[ICCResult "Black resigns"]
[WhiteElo "1930"]
[BlackElo "1768"]
[Opening "Queen's pawn: London system"]
[ECO "A45"]
[NIC "QP.07"]
[Time "18:32:20"]
[TimeControl "2700+10"]

1. d4 Nf6 2. Bf4 g6 3. e3 Bg7 4. Nf3 O-O 5. h3 d5 6. Nbd2 c5 7. c3 Nc6 8.
Be2 b6 9. O-O Bb7 10. Ne5 Nd7 11. Nxc6 Bxc6 12. Nf3 Re8 13. Ne5 Nxe5 14.
Bxe5 Bxe5 15. dxe5 Qc7 16. f4 f6 17. Bf3 Rad8 18. exf6 exf6 19. Re1 Kg7 20.
Qc2 Re7 21. Rad1 Rde8 22. Bxd5 Bxd5 23. Rxd5 Rxe3 24. Rxe3 Rxe3 25. Qd2 Re7
26. c4 a6 27. b3 Kf7 28. Rd8 Qc6 29. Rd6 Qc7 30. Qd5+ Kg7 31. g3 Rf7 32. Kf2
Qb7 33. Qxb7 Rxb7 34. Kf3 Kf7 35. g4 Ke7 36. Rc6 Kf7 37. h4 Kg7 38. Ke4 Kf7
39. Kd5 Ke7 40. Re6+ Kf7 41. f5 Rb8 42. Rd6 Ke7 43. Re6+ Kf7 44. Kc6 h5 45.
Re4 hxg4 46. fxg6+ Kxg6 47. Rxg4+ Kf5 48. Rg7 b5 49. Kxc5 bxc4 50. bxc4 Rh8
51. Ra7 Rxh4 52. Rxa6 Ke5 53. Kb5 f5 54. c5 f4 55. Ra3 Ke4 56. c6 Rh1 57. c7
Rc1 58. Ra4+ Kd3 59. Rxf4 Rxc7 60. a4 Rg7 61. a5 Ke3 62. Rf6 Kd4 63. Rd6+
Ke5 64. Rd1 Rg2 65. Kb6 Rb2+ 66. Ka7 Ra2 67. a6 Rb2 68. Ka8 Rb3 69. a7 Rb2
70. Rd8 Ra2 71. Kb8 Rb2+ 72. Kc7 Rc2+ 73. Kd7 Rd2+ 74. Ke7 Rxd8 75. Kxd8
{Black resigns}
1-0

[Event "ICC tourney 2029 (45 10)"]
[Site "Internet Chess Club"]
[Date "2020.10.03"]
[Round "4"]
[White "Sricharan07"]
[Black "Lukastico"]
[Result "1/2-1/2"]
[ICCResult "Game drawn because neither player has mating material"]
[WhiteElo "1899"]
[BlackElo "1922"]
[Opening "French: Tarrasch, closed variation, main line"]
[ECO "C06"]
[NIC "FR.17"]
[Time "18:32:18"]
[TimeControl "2700+10"]

1. e4 e6 2. d4 d5 3. Nd2 Nf6 4. e5 Nfd7 5. Bd3 c5 6. c3 Nc6 7. Ne2 cxd4 8.
cxd4 f6 9. exf6 Nxf6 10. Nf3 Bd6 11. O-O Qc7 12. Bg5 O-O 13. Bh4 Nh5 14. Bg3
Nxg3 15. hxg3 g6 16. Rc1 Qg7 17. Qd2 Bd7 18. a3 h6 19. Bb1 g5 20. Qe3 Rac8
21. b4 Ne7 22. Rfd1 Nf5 23. Bxf5 Rxf5 24. Rxc8+ Bxc8 25. Rc1 Bd7 26. Nd2 h5
27. Nb3 b6 28. Qd3 Qf7 29. Qe3 Kg7 30. Nd2 g4 31. Nc3 Be7 32. Rf1 h4 33.
gxh4 Bxh4 34. f4 Bf6 35. g3 Rh5 36. Rf2 Qg6 37. Nf1 Rh3 38. Rg2 Kf7 39. Qd2
Qg7 40. Ne2 Bb5 41. Qc3 Bxe2 42. Qc7+ Kg6 43. Qxg7+ Kxg7 44. Rxe2 Bxd4+ 45.
Kg2 Kf6 46. Rc2 Rh7 47. Nd2 Be3 48. Nf1 Bd4 49. Nd2 Rd7 50. Rc6 Bb2 51. a4
Ba3 52. Nf1 d4 53. Rc4 d3 54. Nd2 Kf5 55. Kf2 Rh7 56. Nf1 Bb2 57. Rc6 Bd4+
58. Kg2 Rd7 59. Rc4 e5 60. fxe5 Kxe5 61. Nd2 Kd5 62. Rc8 Re7 63. Rd8+ Ke5
64. Nc4+ Ke4 65. Nd2+ Ke3 66. Nc4+ Ke4 67. Nd2+ Kf5 68. Nc4 Bc3 69. Rxd3
Bxb4 70. Ne3+ Ke4 71. Rb3 Rg7 72. Nxg4 Rxg4 73. Rxb4+ Kf5 74. Rxg4 Kxg4 75.
Kf2 a6 76. Kg2 b5 77. axb5 axb5 78. Kf2 b4 79. Ke3 Kxg3 80. Kd3 Kf3 81. Kc4
Ke4 82. Kxb4 {Game drawn because neither player has mating material} 1/2-1/2

[Event "ICC tourney 2029 (45 10)"]
[Site "Internet Chess Club"]
[Date "2020.10.03"]
[Round "5"]
[White "michaelxiao"]
[Black "gsmenon"]
[Result "0-1"]
[ICCResult "White resigns"]
[WhiteElo "1328"]
[BlackElo "1952"]
[Opening "English opening"]
[ECO "A20"]
[NIC "EO.24"]
[Time "21:01:45"]
[TimeControl "2700+10"]

1. c4 e5 2. g3 Nc6 3. Bg2 f5 4. d3 Nf6 5. Nc3 Bb4 6. Bd2 d6 7. Nf3 O-O 8. a3
Bxc3 9. Bxc3 Qe8 10. O-O Qh5 11. e3 f4 12. exf4 exf4 13. b4 Ng4 14. h3 Nf6
15. Kh2 fxg3+ 16. fxg3 Ng4+ 17. Kg1 Ne3 18. Qe1 Nxf1 19. Qxf1 Bxh3 20. Bxh3
Rxf3 21. Be6+ Kh8 22. Qg2 Raf8 23. Qb2 Rxg3+ 24. Qg2 Rxg2+ 25. Kxg2 Qe2+
{White resigns}
0-1

[Event "ICC tourney 2029 (45 10)"]
[Site "Internet Chess Club"]
[Date "2020.10.03"]
[Round "5"]
[White "goodcrowdchess"]
[Black "Sricharan07"]
[Result "0-1"]
[ICCResult "White checkmated"]
[WhiteElo "1647"]
[BlackElo "1904"]
[Opening "French: Tarrasch, closed variation, main line"]
[ECO "C06"]
[NIC "FR.17"]
[Time "21:01:51"]
[TimeControl "2700+10"]

1. e4 e6 2. d4 d5 3. Nd2 Nf6 4. e5 Nfd7 5. Bd3 c5 6. c3 Nc6 7. Ne2 cxd4 8.
cxd4 f6 9. exf6 Nxf6 10. Nf3 Bd6 11. O-O O-O 12. Bf4 Bxf4 13. Nxf4 Ne4 14.
Ne2 Rxf3 15. gxf3 Ng5 16. f4 Nh3+ 17. Kg2 Qh4 18. Qd2 Qg4+ 19. Kh1 Qf3#
{White checkmated}
0-1

[Event "ICC tourney 2029 (45 10)"]
[Site "Internet Chess Club"]
[Date "2020.10.03"]
[Round "5"]
[White "chesslin"]
[Black "chessmaster0981"]
[Result "0-1"]
[ICCResult "White resigns"]
[WhiteElo "1851"]
[BlackElo "1663"]
[Opening "Queen's pawn: London system"]
[ECO "A45"]
[NIC "QP.07"]
[Time "21:01:43"]
[TimeControl "2700+10"]

1. d4 Nf6 2. Bf4 e6 3. e3 d5 4. Nd2 c5 5. c3 Nc6 6. Ngf3 Bd6 7. Ne5 Qc7 8.
Bb5 O-O 9. Bxc6 bxc6 10. Bg3 Ba6 11. c4 cxd4 12. exd4 dxc4 13. Nexc4 Bxg3
14. hxg3 c5 15. Qa4 Qb7 16. O-O-O cxd4 17. Kb1 Rab8 18. Qc2 Rfd8 19. Rc1 d3
20. Qa4 Bxc4 21. Nxc4 d2 22. Rcd1 Rd4 23. b3 Qe4+ 24. Ka1 Qd3 25. Nb2 Qc3
26. Qa3 Rc8 27. Qxa7 Qc1+ {White resigns} 0-1

[Event "ICC tourney 2029 (45 10)"]
[Site "Internet Chess Club"]
[Date "2020.10.03"]
[Round "5"]
[White "TjkTiger"]
[Black "IndianTerritory"]
[Result "1-0"]
[ICCResult "Black resigns"]
[WhiteElo "2601"]
[BlackElo "1999"]
[Opening "English: Caro-Kann defensive system"]
[ECO "A11"]
[NIC "EO.64"]
[Time "21:02:32"]
[TimeControl "2700+10"]

1. c4 c6 2. Nc3 d5 3. d4 Nf6 4. cxd5 cxd5 5. Bf4 Nc6 6. e3 Qb6 7. Bd3 Bg4 8.
f3 Bh5 9. Nge2 e6 10. O-O Be7 11. Nb5 O-O 12. Bc7 Qa6 13. Nd6 Bxd6 14. Bxa6
Bxc7 15. Bxb7 Rab8 16. Bxc6 Rxb2 17. Nf4 Bxf4 18. exf4 Bg6 19. Rf2 Rb6 20.
Ba4 Rfb8 21. Bc2 Bxc2 22. Rxc2 Ne8 23. Qc1 Nd6 24. Rc6 Rxc6 25. Qxc6 Nc4 26.
Qc7 Ra8 27. Rb1 g6 28. Rb8+ Rxb8 29. Qxb8+ Kg7 30. Qxa7 {Black resigns} 1-0

[Event "ICC tourney 2029 (45 10)"]
[Site "Internet Chess Club"]
[Date "2020.10.03"]
[Round "5"]
[White "hankmd"]
[Black "landonp"]
[Result "0-1"]
[ICCResult "White checkmated"]
[WhiteElo "1557"]
[BlackElo "1371"]
[Opening "Grünfeld: exchange variation"]
[ECO "D85"]
[NIC "GI.04"]
[Time "21:01:39"]
[TimeControl "2700+10"]

1. d4 Nf6 2. c4 g6 3. Nc3 d5 4. cxd5 Nxd5 5. e4 Nxc3 6. bxc3 Bg7 7. Be3 O-O
8. Qd2 c5 9. Rc1 cxd4 10. cxd4 Nc6 11. Nf3 Bg4 12. d5 Bxf3 13. gxf3 Ne5 14.
Bg2 Rc8 15. Bxa7 Rxc1+ 16. Ke2 Rxh1 17. Bxh1 Qc7 18. Be3 Nc4 19. Qd3 Nxe3
20. fxe3 Rc8 21. f4 Qc2+ 22. Qxc2 Rxc2+ 23. Kd1 Rxh2 24. Bf3 Rxa2 25. Ke1 b5
26. Be2 b4 27. Bd1 Ra1 28. Kd2 Bc3+ 29. Kc2 Rxd1 30. Kxd1 h5 31. Ke2 h4 32.
Kf2 b3 33. Ke2 h3 34. Kf2 b2 35. Ke2 b1=Q 36. Kf2 Qe1+ 37. Kf3 Bd2 38. Kg4
Bxe3 39. Kxh3 Bxf4 40. Kg2 Qg3+ 41. Kf1 Be3 42. Ke2 Qf2+ 43. Kd3 Kf8 44. Kc4
Ke8 45. d6 exd6 46. e5 dxe5 47. Kd5 Bf4 48. Kc6 Qc2+ 49. Kd5 Qd3+ 50. Kc5
Qd4+ 51. Kb5 Kd7 52. Ka5 Qb2 53. Ka4 Kc6 54. Ka5 Qb5# {White checkmated} 0-1

[Event "ICC tourney 2029 (45 10)"]
[Site "Internet Chess Club"]
[Date "2020.10.03"]
[Round "5"]
[White "Wushukyle"]
[Black "dmutalam"]
[Result "0-1"]
[ICCResult "White checkmated"]
[WhiteElo "1584"]
[BlackElo "1541"]
[Opening "Scotch gambit: Benima defense"]
[ECO "C44"]
[NIC "SO.06"]
[Time "21:01:39"]
[TimeControl "2700+10"]

1. e4 e5 2. Nf3 Nc6 3. d4 exd4 4. Bc4 Be7 5. c3 d6 6. cxd4 Bg4 7. O-O Nf6 8.
Nc3 Bxf3 9. Qxf3 Nxd4 10. Qg3 O-O 11. Bh6 Ne8 12. Rad1 Nc6 13. Nd5 Bh4 14.
Qg4 Ne5 15. Qe2 gxh6 16. f4 Nxc4 17. Qxc4 Bf6 18. Rf3 Bg7 19. Rg3 Kh8 20. f5
Rc8 21. Rf1 Nf6 22. Qc3 Rg8 23. Qb4 Nxd5 24. exd5 Rb8 25. Qf4 Qf6 26. h4
Qd4+ 27. Kh2 Qxf4 28. Rxf4 Be5 29. Rff3 Rxg3 30. Rxg3 Bxg3+ 31. Kxg3 f6 32.
Kg4 Kg7 33. b4 Re8 34. a4 Re4+ 35. Kh5 Rxb4 36. g4 Rb1 37. a5 b6 38. axb6
cxb6 39. g5 hxg5 40. Kg4 a5 41. Kh5 a4 42. hxg5 fxg5 43. Kxg5 a3 44. f6+ Kf7
45. Kh6 a2 46. Kxh7 Rh1# {White checkmated} 0-1

[Event "ICC tourney 2029 (45 10)"]
[Site "Internet Chess Club"]
[Date "2020.10.03"]
[Round "5"]
[White "PawnGrubber21"]
[Black "mnm1"]
[Result "1-0"]
[ICCResult "Black checkmated"]
[WhiteElo "1757"]
[BlackElo "1342"]
[Opening "Sicilian"]
[ECO "B56"]
[NIC "SI.25"]
[Time "21:02:32"]
[TimeControl "2700+10"]

1. e4 c5 2. Nf3 d6 3. d4 cxd4 4. Nxd4 Nf6 5. Nc3 Nc6 6. Be3 Ng4 7. Bg5 Qb6
8. Be2 Nxf2 9. Kxf2 Nxd4 10. Be3 e5 11. Nd5 Qc6 12. Bxd4 exd4 13. Bb5 Qxb5
14. Nc7+ Kd8 15. Nxb5 Bd7 16. Nxd4 Be7 17. Rf1 Bf6 18. Kg1 Re8 19. Qd3 Rc8
20. c3 Ke7 21. Nf5+ Bxf5 22. exf5 Be5 23. Qd5 Kf8 24. Rae1 Rc5 25. Qxb7 Re7
26. Qb8+ Re8 27. Qxa7 Rcc8 28. Qf2 Re7 29. Qh4 h6 30. Qg4 Rce8 31. a4 Bxh2+
32. Kxh2 Rxe1 33. Rxe1 Rxe1 34. a5 Ra1 35. Qb4 Ke7 36. Qb7+ Kf6 37. a6 Kxf5
38. a7 Ke5 39. a8=Q Rxa8 40. Qxa8 f5 41. c4 f4 42. Qd5+ Kf6 43. Qxd6+ Kg5
44. Qe6 Kh4 45. Qg6 h5 46. c5 f3 47. Qg3# {Black checkmated} 1-0

[Event "ICC tourney 2029 (45 10)"]
[Site "Internet Chess Club"]
[Date "2020.10.03"]
[Round "5"]
[White "VincentT2008"]
[Black "sirking2800"]
[Result "0-1"]
[ICCResult "White resigns"]
[WhiteElo "1795"]
[BlackElo "2013"]
[Opening "King's Indian: Sämisch, 5...O-O"]
[ECO "E81"]
[NIC "KI.48"]
[Time "21:02:12"]
[TimeControl "2700+10"]

1. d4 Nf6 2. c4 g6 3. Nc3 Bg7 4. e4 d6 5. f3 O-O 6. Be3 Nbd7 7. Qd2 c5 8. d5
a6 9. Nh3 b5 10. cxb5 axb5 11. Bxb5 Ba6 12. Bxa6 Rxa6 13. O-O Ne5 14. b3 Qa8
15. Bh6 Qa7 16. Bxg7 Kxg7 17. Nf2 Ra8 18. Qe2 Ra3 19. Nb5 Qa6 20. f4 Ned7
21. Qd3 Rxa2 22. Rxa2 Qxa2 23. Re1 Qa5 24. Rb1 Rb8 25. Nc3 Qa3 26. Qc2 c4
27. Qe2 Rxb3 28. Rxb3 cxb3 29. Nfd1 Nc5 30. e5 Nfd7 31. exd6 exd6 32. Nb5
Qa6 33. Qb2+ Kg8 34. Ndc3 Nd3 35. Qxb3 Qb6+ 36. Kh1 Nf2+ 37. Kg1 Nh3+
{White resigns}
0-1

[Event "ICC tourney 2029 (45 10)"]
[Site "Internet Chess Club"]
[Date "2020.10.03"]
[Round "5"]
[White "buckleyoh"]
[Black "danaglin"]
[Result "0-1"]
[ICCResult "White checkmated"]
[WhiteElo "1431"]
[BlackElo "1644"]
[Opening "French: advance, Paulsen attack"]
[ECO "C02"]
[NIC "FR.03"]
[Time "21:01:41"]
[TimeControl "2700+10"]

1. e4 e6 2. d4 d5 3. e5 c5 4. c3 Nc6 5. Nf3 Qb6 6. a3 cxd4 7. cxd4 f6 8.
exf6 Nxf6 9. Be2 Bd6 10. O-O O-O 11. Nc3 Bd7 12. Na4 Qd8 13. Bg5 Qe8 14. Bd3
Nxd4 15. Nxd4 Bxa4 16. b3 Bd7 17. Re1 e5 18. Nf5 Bxf5 19. Bxf5 d4 20. Qd3
Qh5 21. Qc4+ Kh8 22. Bxf6 Rxf6 23. Be4 Raf8 24. f3 Rh6 25. h3 Qg5 26. Kf1 b6
27. Qa6 Qe7 28. Rad1 Bxa3 29. Bd5 Rg6 30. Rxd4 Bc5 31. Rde4 Rg5 32. h4 Rgf5
33. Rg4 h5 34. Rge4 Qf6 35. R4e2 Qxh4 36. Qxa7 Qh1# {White checkmated} 0-1

[Event "ICC tourney 2029 (45 10)"]
[Site "Internet Chess Club"]
[Date "2020.10.03"]
[Round "5"]
[White "e4f5"]
[Black "awakeflood"]
[Result "1-0"]
[ICCResult "Black resigns"]
[WhiteElo "2211"]
[BlackElo "1782"]
[Opening "French: Tarrasch, closed variation, main line"]
[ECO "C06"]
[NIC "FR.17"]
[Time "21:01:51"]
[TimeControl "2700+10"]

1. e4 e6 2. d4 d5 3. Nd2 Nf6 4. e5 Nfd7 5. Bd3 c5 6. c3 Nc6 7. Ne2 cxd4 8.
cxd4 f6 9. Nf4 Nxd4 10. Qh5+ Ke7 11. exf6+ Nxf6 12. Ng6+ hxg6 13. Qxh8 Kf7
14. O-O e5 15. Nb3 Bf5 16. Nxd4 Bxd3 17. Qh3 Qb6 18. Qxd3 Qxd4 19. Qxd4 exd4
20. Bf4 Bc5 21. Rad1 Re8 22. Rfe1 Re4 23. Bd2 Ng4 24. h3 Ne5 25. f3 Rxe1+
26. Bxe1 d3+ 27. Kf1 g5 28. Bf2 Bxf2 29. Kxf2 Ke6 30. b3 d4 31. Ke1 Kf5 32.
Kd2 Kf4 33. Re1 Nc6 34. Re4+ Kf5 35. Kxd3 g6 36. a3 Na5 37. b4 Nb3 38. Kc2
{Black resigns}
1-0

[Event "ICC tourney 2029 (45 10)"]
[Site "Internet Chess Club"]
[Date "2020.10.03"]
[Round "5"]
[White "ved2006"]
[Black "odlepikachu"]
[Result "1/2-1/2"]
[ICCResult "Game drawn by mutual agreement"]
[WhiteElo "1659"]
[BlackElo "1876"]
[Opening "King's Indian: London system"]
[ECO "A48"]
[NIC "QP.03"]
[Time "21:01:39"]
[TimeControl "2700+10"]

1. d4 Nf6 2. Nf3 g6 3. Bf4 Bg7 4. e3 O-O 5. h3 d6 6. Be2 Nbd7 7. O-O b6 8.
c4 Bb7 9. Nc3 Re8 10. Qb3 e5 11. dxe5 dxe5 12. Bh2 Nc5 13. Qc2 Nfd7 14. b4
Ne6 15. Rad1 Qe7 16. Nd5 Bxd5 17. cxd5 Nef8 18. Qd2 f6 19. d6 cxd6 20. Qxd6
Qxd6 21. Rxd6 Rac8 22. Bb5 Re7 23. Rfd1 Rc7 24. g4
{Game drawn by mutual agreement}
1/2-1/2

[Event "ICC tourney 2029 (45 10)"]
[Site "Internet Chess Club"]
[Date "2020.10.03"]
[Round "5"]
[White "ivo20"]
[Black "castle2king"]
[Result "0-1"]
[ICCResult "White resigns"]
[WhiteElo "1337"]
[BlackElo "1563"]
[Opening "English opening"]
[ECO "A15"]
[NIC "EO.64"]
[Time "21:01:38"]
[TimeControl "2700+10"]

1. c4 Nf6 2. Nf3 g6 3. d3 Bg7 4. Nc3 O-O 5. e4 d6 6. Nd5 Nxd5 7. cxd5 c6 8.
dxc6 Nxc6 9. Be2 e5 10. h3 h6 11. O-O f5 12. Be3 f4 13. Bd2 g5 14. Nh2 Nd4
15. Bg4 Qf6 16. Bxc8 Raxc8 17. Nf3 Nxf3+ 18. Qxf3 Qg6 19. Bc3 h5 20. Rac1 g4
21. hxg4 hxg4 22. Qd1 f3 23. Qb3+ Rf7 24. Bb4 Rf8 25. Qd5 fxg2 26. Kxg2 Qf6
27. Rc7 Qf3+ 28. Kg1 g3 29. Rxf7 Rxf7 30. Bxd6 gxf2+ 31. Kh2 Qh5+ 32. Kg2
Qg4+ 33. Kh2 Qe2 34. Kg2 Qf3+ 35. Kh2 Bf6 36. Bc5 Bh4 37. Qxe5 Rg7 38. Qe6+
Kh8 39. Qh6+ Kg8 40. Qe6+ Rf7 41. Qg6+ Rg7 42. Qe6+ Kh8 43. Qh6+ Rh7 44.
Bd4+ Bf6 45. Bxf6+ Qxf6 46. Qxh7+ Kxh7 47. Kg2 Qxb2 48. Rxf2 Qg7+ 49. Kf3
Qd7 50. Ke3 Qh3+ 51. Rf3 Qe6 52. Rf2 Kg6 53. d4 Kg5 54. e5 b6 55. Ke4 Qc6+
56. Ke3 Qd5 57. Rf3 Qxa2 58. Ke4 Qe6 59. Rg3+ Kh4 60. Rf3 a5 61. Rf6 Qe7 62.
Rxb6 a4 63. Kf4 Qg5+ 64. Ke4 Qg4+ 65. Kd5 Qf3+ 66. Kd6 a3 67. e6 a2 68. Ra6
Qf8+ 69. e7 Qf6+ 70. Kd7 Qxa6 71. e8=Q Qb5+ {White resigns} 0-1

[Event "ICC tourney 2029 (45 10)"]
[Site "Internet Chess Club"]
[Date "2020.10.03"]
[Round "5"]
[White "Theutltl"]
[Black "JunlinTheWorld"]
[Result "0-1"]
[ICCResult "White resigns"]
[WhiteElo "1279"]
[BlackElo "1876"]
[Opening "Sicilian: dragon, Yugoslav attack, 10.O-O-O"]
[ECO "B78"]
[NIC "SI.18"]
[Time "21:01:46"]
[TimeControl "2700+10"]

1. e4 c5 2. Nf3 d6 3. d4 cxd4 4. Nxd4 Nf6 5. Nc3 g6 6. Bc4 Bg7 7. Be3 O-O 8.
f3 Nc6 9. Qd2 Bd7 10. O-O-O Rc8 11. Bb3 Ne5 12. h4 h5 13. Bh6 Nc4 14. Bxc4
Rxc4 15. Bxg7 Kxg7 16. g4 hxg4 17. h5 Rh8 18. h6+ Kh7 19. fxg4 Bxg4 20. Rdg1
Qb6 21. Nf5 gxf5 22. Rxg4 fxg4 23. Qg5 Rg8 24. Qf5+ Kh8 25. Nd5 Nxd5 26.
Qxf7 Qe3+ 27. Kb1 Qxe4 28. Rf1 Qxc2+ {White resigns} 0-1

[Event "ICC tourney 2029 (45 10)"]
[Site "Internet Chess Club"]
[Date "2020.10.03"]
[Round "5"]
[White "AJM04"]
[Black "Kausy"]
[Result "1-0"]
[ICCResult "Black checkmated"]
[WhiteElo "2066"]
[BlackElo "1788"]
[Opening "Ruy Lopez: closed, anti-Marshall 8.a4"]
[ECO "C88"]
[NIC "RL.18"]
[Time "21:01:51"]
[TimeControl "2700+10"]

1. e4 e5 2. Nf3 Nc6 3. Bb5 a6 4. Ba4 Nf6 5. O-O Be7 6. Re1 b5 7. Bb3 O-O 8.
a4 b4 9. d4 d6 10. dxe5 dxe5 11. Qxd8 Rxd8 12. Nbd2 Bc5 13. h3 h6 14. a5 Bb7
15. Bc4 Nd4 16. Nxd4 Rxd4 17. Bd3 Rd7 18. Nb3 Ba7 19. Be3 Bxe3 20. Rxe3 Rd6
21. Ra4 Nd7 22. Rxb4 Rb8 23. Rc4 Bc6 24. Rc3 Ba4 25. Bc4 Rb4 26. f3 Bxb3 27.
Bxb3 c5 28. Kf2 Rb5 29. Red3 Rd4 30. f4 Rxa5 31. Ke3 exf4+ 32. Kxf4 Nf6 33.
Rxd4 cxd4 34. Rc8+ Kh7 35. e5 g5+ 36. Kf5 Nd7 37. Re8 Nc5 38. Bxf7 d3 39.
cxd3 Nxd3 40. Kf6 Nf4 41. Bg8+ Kh8 42. Ba2+ Kh7 43. Bb1+ Nd3 44. Bxd3#
{Black checkmated}
1-0